 Dungeon Crawl Stone Soup version 0.23.2-11-gf996548c65 (webtiles) character file.

Game seed: 3044864596611540602

48 MalarOregon the Sneak (level 3, 0/24 (26) HPs)
             Began as a Ghoul Enchanter on June 4, 2019.
             Slain by a worm (12 damage)
             ... on level 2 of the Dungeon.
             The game lasted 00:04:21 (1175 turns).

MalarOregon the Sneak (Ghoul Enchanter)             Turns: 1175, Time: 00:04:22

HP:   0/24 (26)     AC:  2    Str: 11    XL:     3   Next: 72%
MP:   2/5           EV: 12    Int: 10    God:
Gold: 37            SH:  0    Dex: 10    Spells: 0/6 levels left

rFire    . . .     SeeInvis .   a - +1 dagger
rCold    + . .     Gourm    .   (no shield)
rNeg     + + +     Faith    .   b - +0 robe
rPois    ∞         Spirit   .   (no helmet)
rElec    .         Reflect  .   (no cloak)
rCorr    .         Harm     .   (no gloves)
MR       .....                  (no boots)
Stlth    ++........             (no amulet)
HPRegen  0.00/turn              (no ring)
MPRegen  0.09/turn              (no ring)

@: rotting
A: rotting body, claws 1, carnivore, cold resistance 1, negative energy
resistance 3, inhibited regeneration, torment resistance, unbreathing
a: no special abilities


You were on level 2 of the Dungeon.
You were not hungry.

You visited 1 branch of the dungeon, and saw 2 of its levels.

You collected 37 gold pieces.

Inventory:

Hand Weapons
 a - a +1 dagger (weapon)
Armour
 b - a +0 robe (worn)
Jewellery
 j - an uncursed ring of ice {unknown}
   (You found it on level 1 of the Dungeon)
Scrolls
 d - a scroll of blinking
 g - a scroll of teleportation {@r4}
Potions
 c - a potion of heal wounds {@q2}
 f - a potion of agility
 i - a potion of curing {unknown}
Comestibles
 e - a ration {!d}


   Skills:
 + Level 1.5 Short Blades
 + Level 2.2 Dodging
 + Level 3.7 Stealth
 + Level 2.1 Spellcasting
 + Level 2.7 Hexes


You couldn't memorise any spells.
You knew the following spells:

 Your Spells              Type           Power        Failure   Level  Hunger
a - Corona                Hex            #......      10%         1    ##.....
c - Confuse               Hex            #.......     30%         3    ####...
x - Ensorcelled Hibernat  Hex/Ice        #.....       26%         2    ###....

Your spell library contained the following spells:

 Spells                   Type           Power        Failure   Level  Hunger
 Tukima's Dance           Hex            #.......     30%         3    ####...
 Dazzling Spray           Conj/Hex       #.....       47%         3    ####...


Dungeon Overview and Level Annotations

Branches:
Dungeon (2/15)

Altars:


Innate Abilities, Weirdness & Mutations

Your body is rotting away.
You thrive on raw meat.
You are immune to poison.
You have sharp fingernails.
You are carnivorous and can eat meat at any time.
Your flesh is cold resistant. (rC+)
You are immune to negative energy. (rN+++)
You do not regenerate when monsters are visible.
You are immune to unholy pain and torment.
You can survive without breathing.


Message History

* * * LOW HITPOINT WARNING * * *
You hit the adder but do no damage. The adder closely misses you.
You barely miss the adder. The adder bites you but does no damage.
You hit the adder. The adder barely misses you.
You hit the adder. The adder misses you. The adder bites you.
* * * LOW HITPOINT WARNING * * *
You hit the adder but do no damage.
The adder stops glowing.
The adder bites you.
* * * LOW HITPOINT WARNING * * *
Aim: an adder (almost dead, chance to defeat MR: 50%)
The adder is outlined in light.
The adder barely misses you.
You hit the adder.
You kill the adder!
You start resting.
Your magical contamination has completely faded away.
You start resting.
You feel your flesh rotting away. x2
Memorise Ensorcelled Hibernation, consuming 2 spell levels and leaving 3?
You start memorising the spell.
You continue memorising. x2
You finish memorising.
Spell assigned to 'x'.
Memorise Confuse, consuming 3 spell levels and leaving 0?
You start memorising the spell.
You continue memorising. x3
You finish memorising.
Spell assigned to 'c'.
You climb downwards.
There is a stone staircase leading up here.
You see here a stone.
You see here a frilled lizard skeleton.
The worm is too close now for your liking.
Aim: a worm (chance to defeat MR: 44%)
The worm resists with some effort.
Aim: a worm (chance to defeat MR: 44%)
The worm looks drowsy...
The helpless worm fails to defend itself.
You puncture the worm! The worm bites you.
You hit the worm. The worm closely misses you.
You barely miss the worm. You hit the worm but do no damage.
The worm bites you but does no damage.
You hit the worm. You barely miss the worm. The worm misses you.
You hit the worm but do no damage. You hit the worm. The worm bites you!
You hit the worm but do no damage. You barely miss the worm.
The worm bites you.
* * * LOW HITPOINT WARNING * * *
You don't have enough magic to cast that spell.
You are too injured to fight recklessly!
Okay, then.
You hit the worm. The worm bites you!
Ouch! That really hurt!
You die...

#. #.........
#.$ ..(...?.
#... #....#.#
#....##....#.###
#...S..........#
. #......#..
....#......#.#
..........#w#.#
....#..##.(@#.#
.## #...$.#.÷.#
#...#.#..<#
#.###.##### #.
#.. ## ###


You could see a worm.

Vanquished Creatures
  An adder (D:1)
  An ooze (D:1)
  A giant cockroach (D:1)
  4 goblins (D:1)
  3 hobgoblins
  4 jackals (D:1)
  5 bats (D:1)
  5 frilled lizards
  6 kobolds
  4 rats (D:1)
34 creatures vanquished.

Notes
Turn   | Place    | Note
-------+----------+-------------------------------------------
     0 | D:1      | MalarOregon the Ghoul Enchanter began the quest for the
                  | Orb.
     0 | D:1      | Reached XP level 1. HP: 14/14 MP: 2/2
    74 | D:1      | Reached skill level 1 in Short Blades
   304 | D:1      | Reached XP level 2. HP: 20/20 MP: 3/3
   334 | D:1      | HP: 1/20 [ooze (4)]
   347 | D:1      | HP: 1/20 [hobgoblin (5)]
   521 | D:1      | Reached XP level 3. HP: 24/26 MP: 5/5
  1155 | D:1      | Learned a level 2 spell: Ensorcelled Hibernation
  1159 | D:1      | Learned a level 3 spell: Confuse
  1175 | D:2      | Slain by a worm

Skill      XL: |  1  2 |
---------------+-------+-----
Short Blades   | 1 |  1.5
Dodging        | 2 |  2.2
Spellcasting   | 2 |  2.1
Stealth        | |  3.7
Hexes          | |  2.7

Action                   || total
-------------------------++-------
Melee: Dagger            ||   149
 Cast: Corona            ||     3
       Ensorcelled Hiber ||     2
  Use: Scroll            ||     3
       Potion            ||     2
 Stab: Sleeping          ||     8
  Eat: Chunk             ||    16
Armor: Robe              ||    32
Dodge: Dodged            ||   113
